 Dungeon Crawl Stone Soup version 0.26-a0-1222-g14533b3512 (webtiles) character file.

Game seed: 6131632969068983107

4209 voltaire321 the Cleaver (level 10, -5/90 HPs)
             Began as a Hill Orc Monk on Dec 31, 2020.
             Was a Priest of Nemelex Xobeh.
             Slain by a troll (6 damage)
             ... on level 8 of the Dungeon.
             The game lasted 00:50:48 (11918 turns).

voltaire321 the Cleaver (Hill Orc Monk)            Turns: 11918, Time: 00:50:48

Health: -5/90      AC: 14    Str: 18    XL:     10   Next: 29%
Magic:  12/12      EV: 16    Int: 10    God:    Nemelex Xobeh [***...]
Gold:   558        SH:  6    Dex: 19    Spells: 9/9 levels left

rFire    . . .     SeeInvis .   a - +0 war axe
rCold    + . .     Faith    .   u - +0 buckler
rNeg     . . .     Spirit   .   z - +0 troll leather armour
rPois    .         Reflect  .   (no helmet)
rElec    .         Harm     .   p - +2 cloak
rCorr    .         Rampage  .   m - +2 pair of gloves
Will     .....                  G - +2 pair of boots
Stlth    ++........             (no amulet)
HPRegen  0.65/turn              d - +6 ring of dexterity
MPRegen  0.13/turn              C - ring of protection from cold

@: no status effects
A: talons 1, sense surroundings 1
a: Renounce Religion, Draw Escape, Draw Destruction, Draw Summoning, Triple Draw


You were on level 8 of the Dungeon.
You worshipped Nemelex Xobeh.
Nemelex Xobeh was most pleased with you.
You visited 2 branches of the dungeon, and saw 10 of its levels.
You also visited: Sewer and Ossuary.

You collected 558 gold pieces.

Inventory:

Hand Weapons
 a - a +0 war axe (weapon)
 b - a +4 hunting sling
Missiles
 e - 225 stones (quivered)
 f - 7 javelins
 k - 51 sling bullets
Armour
 m - a +2 pair of gloves (worn)
 p - a +2 cloak (worn)
 u - a +0 buckler (worn)
 v - a +3 ring mail of cold resistance
 z - a +0 troll leather armour (worn)
 G - a +2 pair of boots (worn)
Jewellery
 d - a +6 ring of dexterity (left hand)
 C - a ring of protection from cold (right hand)
 E - a +6 ring of intelligence
 K - an uncursed ring of flight
Wands
 j - a wand of random effects (10)
Scrolls
 c - 6 scrolls of identify
 h - a scroll of amnesia
 l - a scroll of fog
 s - a scroll of blinking
 w - 6 scrolls of remove curse
 x - 2 scrolls of teleportation
 y - a scroll of magic mapping
 H - 2 scrolls of enchant weapon
 I - 2 scrolls of fear
 J - a scroll of noise {unknown}
 L - a scroll of brand weapon {unknown}
 M - a scroll of torment {unknown}
Potions
 g - 5 potions of curing
 i - 6 potions of heal wounds
 n - 2 potions of mutation
 o - a potion of resistance
 q - a potion of magic
 r - 2 potions of flight
 t - a potion of invisibility
 A - a potion of attraction {unknown}
 B - 3 potions of brilliance
 D - 2 potions of ambrosia
 F - a potion of lignification


   Skills:
 + Level 8.6 Fighting
 + Level 9.2 Axes
 + Level 5.2 Slings
 + Level 5.8 Armour
 + Level 5.9 Dodging
 - Level 1.5 Stealth
 - Level 4.0 Shields
 + Level 3.6 Invocations


You had 9 spell levels left.
You didn't know any spells.
Your spell library contained the following spells:

 Spells                   Type           Power        Failure   Level
 Beastly Appendage        Tmut           0%           41%         1
 Sandblast                Erth           0%           41%         1
 Passwall                 Tmut/Erth      0%           54%         2
 Wereblood                Tmut           0%           54%         2
 Spider Form              Tmut/Pois      0%           78%         3
 Stone Arrow              Conj/Erth      0%           78%         3
 Ice Form                 Ice/Tmut       0%           99%         4
 Petrify                  Tmut/Erth      0%           99%         4
 Blade Hands              Tmut           0%           100%        5
 Lee's Rapid Deconstruct  Erth           0%           100%        5


Dungeon Overview and Level Annotations

Branches:
Dungeon (9/15)             Temple (1/1) D:4            Lair (0/6) D:9
  Sewer (visited)         Ossuary (visited)
    Orc: D:9-12

Altars:
Cheibriados
Dithmenos
Elyvilon
Fedhas
Gozag
Hepliaklqana
Kikubaaqudgha
Makhleb
Nemelex Xobeh
Okawaru
Qazlal
Ru
Sif Muna
Trog
Vehumet
Wu Jian
Xom
Yredelemnul
Zin
The Shining One

Shops:
D:9 ?

Annotations:
D:8 exclusion: oklob plant
D:9 Harold


Innate Abilities, Weirdness & Mutations

You have sharp toenails.
You passively map a small area around you.


Message History

You hit the troll.
The troll is almost dead.
The troll bites you! The troll misses you. The troll closely misses you.
You hit the troll but do no damage.
The troll is almost dead.
The troll bites you!
* * * LOW HITPOINT WARNING * * *
The troll completely misses you. x2
You closely miss the troll.
The troll is severely wounded.
The troll bites you but does no damage. The troll misses you.
You block the troll's attack.
You closely miss the troll.
The troll is severely wounded.
The troll bites you!
* * * LOW HITPOINT WARNING * * *
The troll claws you but does no damage. You block the troll's attack.
The troll closely misses you. The troll barely misses you. The troll claws you.
You die...
Your body disappears without a glow.

#..........#..##'## #....##.
#.##..............# #....##.
#.##..............# #.#####.
#.#########.......########.## #.
#.####### #.................# #.
........# #..)..............# #.
........# #####..#..........####.
........########T#########'##....
........##......@........#.##....
........##.####..........#.##....
........##.# #..........#.##....
........##.# #.....###########.#
##########.# #.....#..#PP#PPP#.#
...# #.# ##....#PP#PP#P###.# #.##
#.# #....#..PPPPP..... #.# #.#
#....#.PP#PP..≈≈≈≈ #.# #.#
#....#PPP.P..≈≈≈≈≈


You could see a troll.

Vanquished Creatures
  Prince Ribbit (D:6)
  Menkaure (D:5)
  Edmund (D:6)
  A water moccasin (D:6)
  An orc warrior (D:8)
  2 sky beasts
  2 black bears
  2 ice beasts
  An ogre (D:4)
  4 centaurs
  The ghost of Zeldest the Ruffian, an amateur VSTm (D:3)
  6 big kobolds
  2 elf zombies (Ossuary)
  A gnoll sergeant (D:9)
  2 bullfrogs (D:7)
  A water moccasin zombie (D:6)
  2 scorpions
  3 killer bees (D:8)
  5 wights (D:8)
  A hound (D:8)
  A human zombie (Ossuary)
  3 centaur zombies (Ossuary)
  A centaur skeleton (D:8)
  A gnoll shaman (D:6)
  2 jellies
  Crazy Yiuf (D:3)
  6 orc wizards
  2 bullfrog skeletons
  2 iguanas
  Ijyb (D:4)
  Natasha (thrice) (D:2)
  5 worker ants
  A hound zombie (D:8)
  A hound skeleton (D:5)
  2 mummies (Ossuary)
  Robin (D:3)
  11 gnolls
  2 river rats
  10 adders
  2 shadow imps (D:5)
  2 white imps (D:5)
  2 ufetubi (D:9)
  5 oozes
  An adder zombie (Ossuary)
  An adder skeleton (D:5)
  4 worms
  A dart slug (D:2)
  5 leopard geckos
  17 orcs
  8 giant cockroaches
  6 hobgoblins
  2 jackals (D:5)
  10 quokkas
  5 ball pythons
  9 bats
  7 frilled lizards
  23 goblins
  10 hobgoblin zombies (Ossuary)
  A jackal skeleton (D:4)
  A jackal zombie (Ossuary)
  17 kobolds
  8 kobold zombies (Ossuary)
  A leopard gecko skeleton (D:4)
  9 orc zombies (Ossuary)
  A quokka zombie (D:5)
  21 rats
  A rat zombie (Ossuary)
276 creatures vanquished.

Vanquished Creatures (others)
  A human (D:3)
  A fungus (D:8)
  15 plants
  11 toadstools (D:8)
28 creatures vanquished.

Grand Total: 304 creatures vanquished

Notes
Turn   | Place    | Note
-------+----------+-------------------------------------------
     0 | D:1      | voltaire321 the Hill Orc Monk began the quest for the Orb.
     0 | D:1      | Reached XP level 1. HP: 19/19 MP: 1/1
   147 | D:1      | Reached XP level 2. HP: 18/27 MP: 2/2
   681 | D:1      | Reached XP level 3. HP: 32/33 MP: 3/3
  1655 | D:2      | Noticed Natasha
  1675 | D:2      | Killed Natasha
  1676 | D:2      | Reached skill level 5 in Axes
  1676 | D:2      | Reached XP level 4. HP: 27/41 MP: 4/4
  1820 | D:2      | Found a radiant altar of Vehumet.
  2217 | D:2      | Noticed Natasha
  2226 | D:2      | Killed Natasha
  2459 | D:2      | Noticed Natasha
  2476 | D:2      | Killed Natasha
  2477 | D:2      | Reached XP level 5. HP: 4/47 MP: 5/5
  2901 | D:3      | Noticed Robin
  2929 | D:3      | Reached skill level 1 in Slings
  2933 | D:3      | Killed Robin
  3119 | D:3      | Found a glowing drain.
  3123 | Sewer    | Entered a sewer
  3147 | Sewer    | Reached skill level 5 in Fighting
  3173 | Sewer    | Noticed a big kobold
  3238 | Sewer    | HP: 2/48 [big kobold (5)]
  3242 | Sewer    | Gained mutation: You have sharp toenails. [potion of
                  | mutation]
  3242 | Sewer    | Gained mutation: You passively map a small area around you.
                  | [potion of mutation]
  3243 | Sewer    | HP: 2/48 [big kobold (1)]
  3247 | Sewer    | Killed a big kobold
  3248 | Sewer    | Reached XP level 6. HP: 3/56 MP: 6/6
  3641 | Sewer    | Reached skill level 6 in Axes
  3799 | Sewer    | Reached skill level 1 in Armour
  3986 | Sewer    | Reached XP level 7. HP: 57/61 MP: 7/7
  4859 | D:3      | Found a large runed translucent door.
  4861 | D:3      | Found a large runed translucent door.
  4862 | D:3      | Noticed Zeldest's ghost (amateur VSTm)
  5185 | D:3      | Found an ancient bone altar of Kikubaaqudgha.
  5187 | D:3      | Noticed a human
  5189 | D:3      | Killed a human
  5346 | D:3      | Found a runed translucent door.
  5347 | D:3      | Noticed Crazy Yiuf
  5363 | D:3      | Killed Crazy Yiuf
  5844 | D:3      | Killed Zeldest's ghost
  6145 | D:4      | Reached XP level 8. HP: 70/70 MP: 8/8
  6175 | D:4      | Found a hazy altar of Hepliaklqana.
  6258 | D:4      | Found a glowing silver altar of Zin.
  6258 | D:4      | Found a white marble altar of Elyvilon.
  6295 | D:4      | Reached skill level 7 in Axes
  6295 | D:4      | Reached skill level 1 in Shields
  6364 | D:4      | Noticed Ijyb
  6380 | D:4      | Killed Ijyb
  6912 | D:4      | Found a staircase to the Ecumenical Temple.
  6921 | Temple   | Entered the Ecumenical Temple
  7166 | Temple   | Became a worshipper of Nemelex Xobeh the Trickster
  7166 | Temple   | Reached * piety under Nemelex Xobeh
  7166 | Temple   | Received a gift from Nemelex Xobeh
  7166 | Temple   | Reached ** piety under Nemelex Xobeh
  7297 | D:5      | Entered Level 5 of the Dungeon
  7606 | D:5      | Noticed Menkaure
  7615 | D:5      | Killed Menkaure
  7737 | D:5      | Received a gift from Nemelex Xobeh
  8062 | D:6      | Found an iron altar of Okawaru.
  8064 | D:6      | Noticed Edmund
  8104 | D:6      | Killed Edmund
  8184 | D:6      | Found a sand-covered staircase.
  8214 | Ossuary  | Entered an ossuary
  8406 | Ossuary  | Reached XP level 9. HP: 48/79 MP: 9/9
  8609 | D:6      | Reached skill level 8 in Axes
  8614 | D:6      | Reached skill level 5 in Dodging
  8667 | D:6      | Noticed Prince Ribbit
  8693 | D:6      | Killed Prince Ribbit
  9533 | D:7      | Reached *** piety under Nemelex Xobeh
  9742 | D:7      | Reached skill level 5 in Armour
  9757 | D:7      | Reached skill level 1 in Invocations
  9909 | D:7      | Received a gift from Nemelex Xobeh
 10199 | D:8      | Reached XP level 10. HP: 71/88 MP: 11/11
 10219 | D:8      | Reached skill level 5 in Slings
 10354 | D:8      | Received a gift from Nemelex Xobeh
 10468 | D:8      | Reached skill level 9 in Axes
 10940 | D:8      | Found a blossoming altar of Fedhas.
 10950 | D:8      | Noticed an oklob plant
 11447 | D:9      | Found Pearaes's Magic Scroll Emporium.
 11536 | D:9      | Noticed Harold
 11539 | D:9      | Found a staircase to the Lair.
 11918 | D:8      | HP: 1/90 [troll (16)]
 11918 | D:8      | Slain by a troll

Illustrated notes

Levels and vault maps discovered:
D:1:      giann_bridges, layout_loops_corners, kennysheep_nondescript
D:2:      layout_basic, vehumet_crystals, minmay_diced_spiral, uniq_natasha
D:3:      layout_basic, ebering_ghost_disaster_area, gup_sewer_entry_spiral,
          tgw_kikubaaqudgha, uniq_crazy_yiuf_cottage, uniq_robin
D:4:      layout_basic, marbit_many_paths, gammafunk_temple_overflow_elements,
          minmay_temple_entry_gardened_gates, uniq_ijyb
D:5:      layout_loops_ring, uniq_menkaure
D:6:      layout_cave_pods, lemuel_crystal_altar, enter_ossuary_1,
          kennysheep_generic_room_5, uniq_prince_ribbit1, uniq_edmund
D:7:      layout_basic
D:8:      layout_basic, tgw_fedhas
D:9:      layout_basic, amethyst_overflow_temple_binary,
          erik_lair_orcish_takeover, serial_shops, kennysheep_mini_moat,
          uniq_harold
Temple:   minmay_temple_curvy_branch

Skill      XL: |  1  2  3  4  5  6  7  8  9 10 |
---------------+-------------------------------+-----
Fighting       | 4 5 6 7 8 |  8.6
Axes           | 5 6 7 8 9 |  9.2
Dodging        | 3 4 5 |  5.9
Slings         | 1 2 3 4 5 |  5.2
Armour         | 1 2 4 5 |  5.8
Shields        | 3 4 |  4.0
Invocations    | 2 3 |  3.6
Stealth        | |  1.5

Action                   |  1- 3 |  4- 6 |  7- 9 | 10-12 || total
-------------------------+-------+-------+-------+-------++-------
Melee: Hand axe          |    98 |    74 |    91 |       ||   263
       War axe           |       |       |   229 |   148 ||   377
 Fire: Hunting sling     |    34 |   174 |   324 |    36 ||   568
Throw: Stone             |       |       |     3 |       ||     3
  Use: Scroll            |     1 |     2 |    17 |     3 ||    23
       Potion            |       |     3 |       |       ||     3
 Stab: Sleeping          |     2 |       |       |       ||     2
Armor: Robe              |    19 |    11 |       |       ||    30
       Leather armour    |       |     8 |    38 |       ||    46
       Troll leather arm |       |       |    68 |    70 ||   138
Dodge: Dodged            |    83 |    79 |   231 |    99 ||   492
Block: Buckler           |       |       |    68 |    40 ||   108

Table legend: (Time is in decaauts)
 A = Elapsed time spent in this place.
 B = Non-inter-level travel time spent in this place.
 C = Inter-level travel time spent in this place.
 D = Time resting spent in this place.
 E = Time spent auto-exploring this place.
 F = Levels seen in this place.
 G = Mean time per level.
                   A        B        C        D        E       F      G
               +--------+--------+--------+--------+--------+-----+--------+
         Total |  12225 |  12040 |    185 |   1822 |   5681 |  12 | 1018.8 |
       Dungeon |  10290 |  10105 |    185 |   1505 |   4910 |   9 | 1143.3 |
        Temple |    267 |    267 |      0 |      0 |    223 |   1 |  267.0 |
         Sewer |   1318 |   1318 |      0 |    279 |    497 |   1 | 1318.0 |
       Ossuary |    347 |    347 |      0 |     38 |     50 |   1 |  347.0 |
               +--------+--------+--------+--------+--------+-----+--------+

Top non-repeatable levels by time:
     D:3: 2023 daAuts
     D:2: 1579 daAuts
     D:1: 1445 daAuts
     D:8: 1384 daAuts
   Sewer: 1318 daAuts
     D:6: 1079 daAuts
     D:4: 960 daAuts
     D:5: 734 daAuts
     D:9: 549 daAuts
     D:7: 534 daAuts
 Ossuary: 347 daAuts
  Temple: 267 daAuts
